 Dungeon Crawl Stone Soup version 0.15.2 (webtiles) character file.

118 RottenBandages the Insei (level 4, -2/35 HPs)
             Began as a Mummy Monk on Nov 1, 2015.
             Slain by a gnoll
             ... wielding a +0 spear
              (5 damage)
             ... on Level 3 of the Dungeon.
             The game lasted 00:02:10 (1985 turns).

RottenBandages the Insei (Mummy Monk)               Turns: 1985, Time: 00:02:10

HP  -2/35        AC  5     Str 14      XL: 4   Next: 72%
MP  13/13        EV  9     Int  9      God:
Gold 110         SH  0     Dex 15      Spells:  0 memorised,  3 levels left

rFire  x . .     SeeInvis .       - Unarmed
rCold  + . .     Clarity  .     d - +0 ring mail
rNeg   + + +     rCorr    .     (no shield)
rPois  +         rRot     +     (no helmet)
rElec  .         Spirit   .     (no cloak)
SustAb .         Warding  .     (no gloves)
rMut   .         Stasis   .     (no boots)
Gourm  .                        (no amulet)
MR     .....                    i - ring of magical power
                                (no ring)

@: not resistant to hostile enchantments, very unstealthy
A: no food or potions, fire vulnerability, restore body, cold resistance 1,
negative energy resistance 3, poison resistance, torment resistance, unbreathing
a: no special abilities


You were on level 3 of the Dungeon.
You were not hungry.

You visited 1 branch of the dungeon, and saw 3 of its levels.

You collected 110 gold pieces.


Innate Abilities, Weirdness & Mutations

You do not eat or drink.
Your flesh is vulnerable to fire.
Your flesh is cold resistant.
You are immune to negative energy.
Your system is resistant to poisons.
You are immune to unholy pain and torment.
You can survive without breathing.


   Skills:
 - Level 3.0 Fighting
 - Level 2.4 Dodging
 - Level 1.5 Stealth
 + Level 5.1 Unarmed Combat


You had 3 spell levels left.
You didn't know any spells.

Inventory:

Missiles
 j - 8 javelins (quivered)
Armour
 a - a +0 robe
 d - a +0 ring mail (worn)
Scrolls
 b - a scroll of immolation {unknown}
 c - 6 scrolls of identify {unknown}
 e - 2 scrolls of enchant armour {unknown}
 f - a scroll of remove curse {unknown}
 g - a scroll of magic mapping {unknown}
 h - 2 scrolls of fear {unknown}
 k - a scroll of teleportation {unknown}
 l - a scroll of enchant weapon {unknown}
Jewellery
 i - a ring of magical power (right hand)

Dungeon Overview and Level Annotations

Branches:
Dungeon (3/15)

Altars:
Ashenzari
Makhleb
Okawaru
Qazlal

#.#####.##.#.#
#.####.# #.#
#.# #.# #o#
..# #o# ###
#o# #.# #o#
#.# #o# #.#
#M# #.# #g# .
#<# #l# ...
#.# ##.#.....#
#.# ##...# #.#
##.###.#
#.##### #l##
#.# #.....#
#.# ... ##
#####.# #)##
.###


You could see a gnoll, 5 orcs and a giant newt.


Message History

An orc comes into view. It is wielding a falchion.
The orc shouts!
An orc comes into view.
The orc shouts!
The giant newt hisses menacingly.
An orc comes into view. It is wielding a falchion.
The gnoll completely misses you. The gnoll hits you with a spear.
* * * LOW HITPOINT WARNING * * *
You closely miss the gnoll. The gnoll hits you with a spear.
* * * LOW HITPOINT WARNING * * *
The orc misses you.
An orc comes into view. It is wielding a club.
You hit the gnoll but do no damage. The gnoll hits you but does no damage.
The orc hits you but does no damage.
You hit the gnoll but do no damage. The orc misses you.
The gnoll closely misses you.
You hit the gnoll.
The gnoll is moderately wounded.
The gnoll barely misses you. The orc misses you.
You closely miss the gnoll.
The gnoll is moderately wounded.
The gnoll completely misses you.
You hit the gnoll.
The gnoll is heavily wounded.
The orc barely misses you.
You hit the gnoll.
The gnoll is severely wounded.
The gnoll hits you with a spear.
You die...

Action                   |  1- 3 |  4- 6 || total
-------------------------+-------+-------++-------
Melee: Unarmed           |   144 |    51 ||   195
 Stab: Sleeping          |     1 |       ||     1

Vault maps used:
D:1:      wheals_arrival_shading
D:2:      grunt_temple_overflow_open
D:3:      first_bread, bloody_makhleb

Notes
Turn   | Place    | Note
--------------------------------------------------------------
     0 | D:1      | RottenBandages, the Mummy Monk, began the quest for the Orb.
     0 | D:1      | Reached XP level 1. HP: 18/18 MP: 1/1
   263 | D:1      | Reached XP level 2. HP: 12/24 MP: 2/2
   645 | D:2      | Reached skill level 4 in Unarmed Combat
   684 | D:2      | Reached XP level 3. HP: 18/29 MP: 3/3
  1083 | D:2      | Found a shattered altar of Ashenzari.
  1084 | D:2      | Found a stormy altar of Qazlal.
  1084 | D:2      | Found a burning altar of Makhleb.
  1085 | D:2      | Found an iron altar of Okawaru.
  1447 | D:3      | Reached XP level 4. HP: 7/35 MP: 4/4
  1842 | D:3      | Found a burning altar of Makhleb.
  1940 | D:3      | Reached skill level 5 in Unarmed Combat
  1979 | D:3      | HP: 2/35 [gnoll/spear (4)]
  1985 | D:3      | Slain by a gnoll

Vanquished Creatures
  4 adders
  3 gnolls (D:3)
  A worm (D:2)
  2 giant geckos
  5 bats
  6 goblins
  5 hobgoblins
  A quokka (D:2)
  A giant cockroach (D:1)
  5 giant newts
  6 kobolds
  7 rats
46 creatures vanquished.
